 Dungeon Crawl Stone Soup version 0.29.1-13-g9f3cf754e1 (webtiles) character file.

Game seed: 8015314347343809381

2283 promet the Thaumaturge (level 9, -2/46 HPs)
             Began as a Deep Elf Hedge Wizard on Jan 24, 2023.
             Was a Believer of Sif Muna.
             Succumbed to a water moccasin's poison
             ... on level 4 of the Dungeon on Jan 25, 2023.
             The game lasted 01:29:28 (11854 turns).

promet the Thaumaturge (Deep Elf Hedge Wizard)     Turns: 11854, Time: 01:29:29

Health: -2/46      AC:  8    Str:  7    XL:     9   Next: 16%
Magic:  13/25      EV: 13    Int: 24    God:    Sif Muna [**....]
Gold:   144        SH:  0    Dex: 14    Spells: 18/28 levels left

rFire   + . .      SeeInvis .   c - +2 spear (freeze)
rCold   + + .      Faith    .   (no shield)
rNeg    . . .      Spirit   .   d - +2 robe {rC+ rF+}
rPois   .          Reflect  .   f - +1 helmet
rElec   .          Harm     .   y - +0 cloak
rCorr   .          Rampage  .   l - +0 pair of gloves
Will    .....                   (no boots)
Stlth   ++........              (no amulet)
HPRegen 0.15/turn               m - ring of protection from cold
MPRegen 0.19/turn               (no ring)

@: lethally poisoned (-2 -> -14), on blink cooldown, studying Earth Magic
A: no striking features
a: Renounce Religion, Channel Magic


You were on level 4 of the Dungeon.
You worshipped Sif Muna.
Sif Muna was pleased with you.
You visited 2 branches of the dungeon, and saw 7 of its levels.

You collected 144 gold pieces.

Inventory:

Hand Weapons
 a - a +2 dagger of electrocution
 b - a +0 sling
 c - a +2 spear of freezing (weapon)
 n - a +3 flail of protection
 o - a +0 whip of freezing
 p - a +3 mace
 q - a +2 antimagic battleaxe
 t - a +1 short sword
Missiles
 e - 68 stones
 j - 11 poisoned darts (quivered)
 v - a throwing net
Armour
 d - a +2 robe of resistance (worn)
 f - a +1 helmet (worn)
 h - a +0 robe
 l - a +0 pair of gloves (worn)
 r - the +2 ring mail of Zin's Pride {Will+ Int+3}
   (You took it off an orc on level 3 of the Dungeon)

   Int:       It affects your intelligence (+3).
   Will:      It increases your willpower.
 y - a +0 cloak (worn)
Jewellery
 m - a ring of protection from cold (left hand)
Scrolls
 x - a scroll of identify
Potions
 u - 2 potions of lignification


   Skills:
 + Level 0.9 Fighting
 + Level 0.8 Short Blades
 + Level 2.6(3.0) Axes
 * Level 1.7(2.3) Polearms
 + Level 0.1 Ranged Weapons
 * Level 3.3 Armour
 + Level 3.6 Dodging
 + Level 3.8 Stealth
 + Level 10.0 Spellcasting
 + Level 2.5 Conjurations
 + Level 3.8 Summonings
 + Level 2.0 Translocations
 + Level 1.0 Fire Magic
 + Level 3.6 Air Magic
 + Level 3.3 Poison Magic


You had 18 spell levels left.
You knew the following spells:

 Your Spells              Type           Power      Damage    Failure   Level
a - Magic Dart            Conj           96%        1d7       1%          1
b - Blink                 Tloc           42%        N/A       3%          2
c - Call Imp              Summ           30%        N/A       1%          2
d - Poisonous Vapours     Pois/Air       56%        N/A       1%          2
e - Conjure Flame         Conj/Fire      20%        6-21      8%          3

Your spell library contained the following spells:

 Spells                   Type           Power      Damage    Failure   Level
 Mephitic Cloud           Conj/Pois/Air  27%        N/A       4%          3
 Slow                     Hex            48%        N/A       5%          1
 Sublimation of Blood     Necr           12%        N/A       8%          2
 Corpse Rot               Necr/Pois/Air  23%        N/A       21%         4
 Petrify                  Tmut/Erth      12%        N/A       45%         4
 Irradiate                Conj/Tmut      9%         3d14      65%         5


Dungeon Overview and Level Annotations

Branches:
Dungeon (6/15)             Temple (1/1) D:4

Altars:
Ashenzari
Elyvilon
Fedhas
Gozag
Hepliaklqana
Kikubaaqudgha
Makhleb
Qazlal
Ru
Sif Muna
Trog
Vehumet
Wu Jian
Xom
Yredelemnul
Zin
The Shining One


Message History

The water moccasin misses your crimson imp.
Your crimson imp barely misses the water moccasin.
You feel stable enough to blink again.
You feel sick.
You are no longer poisoned.
Something bites your crimson imp.
Your crimson imp hits the water moccasin.
The water moccasin closely misses your crimson imp.
The water moccasin completely misses your crimson imp.
Your crimson imp hits the water moccasin.
The water moccasin misses your crimson imp.
Your crimson imp blinks!
Casting: Blink (safe; 3% risk of failure)
Confirm with . or Enter, or press ? or * to list all spells.
A beastly little devil appears in a puff of flame.
Your crimson imp barely misses the water moccasin.
The water moccasin closely misses your crimson imp.
The water moccasin bites your crimson imp!
Your crimson imp blinks!
Your crimson imp blinks!
The water moccasin attacks as you move away!
The water moccasin bites you but does no damage.
The water moccasin bites you.
* * * LOW HITPOINT WARNING * * *
The water moccasin attacks as you move away!
The water moccasin bites you.
* * * LOW HITPOINT WARNING * * *
Casting: Call Imp (safe; 1% risk of failure)
Confirm with . or Enter, or press ? or * to list all spells.
You blink.
You feel stable enough to blink again.
The water moccasin attacks as you move away!
The water moccasin closely misses you. The water moccasin bites you.
* * * LOW HITPOINT WARNING * * *
You are lethally poisoned!
The water moccasin poisons you!
Casting: Blink (safe; 3% risk of failure)
Confirm with . or Enter, or press ? or * to list all spells.
You blink.
You die...

##########)##....##....#......##.
............#..####.##.#......##.
####.#####.##..####.##.####......
...#...........#........# ######.
##.#..####.##..#.##.##..########.
......###..##..#.................
.......>..)..................###.
...#..#######..#.##.#...####.# #.
...#..#######..#@####...####.# #.
..............§..####........###.
####..........S..................
#............#####.#.........#
#....#####...#####.#########.#
#.§..###................# #.#
#..5.....#...#####.####.# #.#
#.#.####.#...#####.# #.####.#
####.#.####...........# #.......


You could see a water moccasin.

Vanquished Creatures
  Prince Ribbit (D:5)
  Eustachio (D:6)
  A steam dragon (D:6)
  An ogre (D:5)
  A phantom (D:5)
  A necrophage (D:6)
  A gnoll sergeant (D:4)
  A scorpion (D:4)
  2 howler monkeys (D:4)
  2 hounds
  3 orc priests
  3 orc wizards
  Terence (D:3)
  16 gnolls
  3 adders
  A shadow imp (D:6)
  A worm (D:5)
  A dart slug (D:2)
  17 orcs
  2 ball pythons (D:1)
  7 bats
  7 endoplasms
  2 giant cockroaches
  3 goblins
  3 hobgoblins
  8 jackals
  3 quokkas
  3 frilled lizards
  3 kobolds
  6 rats
105 creatures vanquished.

Vanquished Creatures (collateral kills)
  Pikel (D:3)
  An ogre (D:6)
  2 howler monkeys (D:4)
  A jelly (D:4)
  2 hounds
  2 orc wizards
  5 gnolls (D:4)
  An adder (D:5)
  A shadow imp (D:6)
  2 worms
  11 orcs
  5 endoplasms
  A giant cockroach (D:3)
  3 goblins
  4 hobgoblins
  5 jackals
  2 ball pythons (D:1)
  A frilled lizard (D:1)
50 creatures vanquished.

Vanquished Creatures (others)
  7 plants
7 creatures vanquished.

Grand Total: 162 creatures vanquished

Notes
Turn   | Place    | Note
-------+----------+-------------------------------------------
     0 | D:1      | promet the Deep Elf Hedge Wizard began the quest for the
                  | Orb.
     0 | D:1      | Reached XP level 1. HP: 10/10 MP: 7/7
   142 | D:1      | You fall into a shaft and drop 1 floor!
   607 | D:1      | Reached skill level 5 in Spellcasting
   607 | D:1      | Reached XP level 2. HP: 15/15 MP: 6/10
   610 | D:1      | Learned a level 2 spell: Blink
   613 | D:1      | Learned a level 2 spell: Call Imp
  1227 | D:1      | Found a faded altar of an unknown god.
  1420 | D:1      | Learned a level 2 spell: Poisonous Vapours
  1463 | D:1      | Reached XP level 3. HP: 19/19 MP: 11/11
  2323 | D:2      | Found a glowing golden altar of the Shining One.
  2706 | D:3      | Noticed Terence
  2726 | D:3      | Killed Terence
  2727 | D:3      | Reached XP level 4. HP: 15/24 MP: 0/13
  3072 | D:3      | Reached skill level 6 in Spellcasting
  3627 | D:3      | Identified the +2 ring mail of Zin's Pride {Will+ Int+3}
  3785 | D:3      | Reached XP level 5. HP: 12/28 MP: 1/15
  4011 | D:3      | Reached skill level 1 in Air Magic
  4444 | D:4      | Found a staircase to the Ecumenical Temple.
  4444 | D:4      | Noticed a lemure
  4454 | D:4      | Noticed Pikel
  4454 | D:4      | Noticed a lemure
  4454 | D:4      | Noticed a lemure
  4454 | D:4      | Noticed a lemure
  4504 | D:3      | Killed Pikel
  4505 | D:3      | Reached skill level 1 in Axes
  4505 | D:3      | Reached skill level 1 in Armour
  4505 | D:3      | Reached skill level 7 in Spellcasting
  4505 | D:3      | Reached skill level 1 in Poison Magic
  4505 | D:3      | Reached XP level 6. HP: 8/33 MP: 1/18
  4505 | D:3      | Reached XP level 7. HP: 9/37 MP: 1/20
  4852 | Temple   | Entered the Ecumenical Temple
  4866 | Temple   | Became a worshipper of Sif Muna the Loreminder
  5504 | D:4      | Reached skill level 8 in Spellcasting
  6124 | D:4      | Reached * piety under Sif Muna
  6411 | D:4      | Reached XP level 8. HP: 5/42 MP: 9/22
  7063 | D:4      | Learned a level 3 spell: Conjure Flame
  8231 | D:5      | Entered Level 5 of the Dungeon
  9459 | D:5      | Reached skill level 9 in Spellcasting
  9467 | D:5      | Noticed Prince Ribbit
  9922 | D:5      | Noticed Eustachio
 10310 | D:5      | Identified the +2 robe of the Barber Surgeon {rF+++}
 10406 | D:5      | Killed Prince Ribbit
 10407 | D:5      | Reached skill level 1 in Polearms
 10617 | D:6      | HP: 2/42 [white imp/puff of frost[Eustachio] (2)]
 11077 | D:6      | Reached XP level 9. HP: 31/46 MP: 20/24
 11300 | D:6      | Reached skill level 1 in Fire Magic
 11406 | D:6      | Reached ** piety under Sif Muna
 11558 | D:6      | Killed Eustachio
 11559 | D:6      | Reached skill level 10 in Spellcasting
 11853 | D:4      | HP: 1/46 [water moccasin (6)]
 11854 | D:4      | Succumbed to a water moccasin's poison

Illustrated notes

Levels and vault maps discovered:
D:1:      wander_arrival_abandoned_jail, layout_rooms,
          hellmonk_ecumenical_altar_arch_garden
D:2:      layout_loops_ring, basic_altar, feat_on_display
D:3:      layout_loops_ring, uniq_terence
D:4:      lemuel_castle_with_subvaults [lemuel_castle_interior_carwin_1],
          layout_basic, minmay_temple_entry_statues_pillars, uniq_pikel
D:5:      layout_cave_pools, gammafunk_temple_overflow_wave,
          mainiacjoe_overflow_brackets, serial_bayou_crossing,
          uniq_prince_ribbit1, uniq_eustachio, uniq_crazy_yiuf_cottage
D:6:      layout_loops_corners, serial_shops, shop_fountains,
          nicolae_shop_behind_doors, nicolae_diamond_shop,
          nicolae_lakefront_shop, nicolae_lakefront_shop
Temple:   sentei_temple_godly_chess

Skill      XL: |  1  2  3  4  5  6  7  8  9 |
---------------+----------------------------+-----
Spellcasting   | 5 6 7 8 9 10 | 10.0
Dodging        | 3 |  3.6
Stealth        | 3 |  3.8
Air Magic      | 2 3 |  3.6
Axes           | 1 2 |  2.6
Armour         | 1 2 3 |  3.3
Summonings     | 2 3 |  3.8
Poison Magic   | 1 2 3 |  3.3
Conjurations   | 2 |  2.5
Polearms       | 1 |  1.7
Translocations | 2 |  2.0
Fire Magic     | 1 |  1.0
Fighting       | |  0.9
Short Blades   | |  0.8
Ranged Weapons | |  0.1

Action                   |  1- 3 |  4- 6 |  7- 9 || total
-------------------------+-------+-------+-------++-------
Melee: Dagger            |    30 |       |    28 ||    58
       Short sword       |    49 |    17 |     7 ||    73
       Halberd           |       |       |     4 ||     4
       Spear             |       |       |     8 ||     8
       Battleaxe         |       |       |    11 ||    11
 Fire: Sling             |       |       |    11 ||    11
 Cast: Magic Dart        |    24 |    29 |    98 ||   151
       Call Imp          |    12 |    16 |    61 ||    89
       Poisonous Vapours |    10 |    15 |   114 ||   139
       Blink             |     2 |     4 |    21 ||    27
       Conjure Flame     |       |       |    13 ||    13
  Use: Scroll            |     3 |     3 |     8 ||    14
       Potion            |     4 |     1 |     7 ||    12
 Stab: Sleeping          |     7 |     2 |     4 ||    13
       Distracted        |       |       |     1 ||     1
Armor: Robe              |    63 |     6 |    79 ||   148
Dodge: Dodged            |   111 |    23 |   157 ||   291
